 Dungeon Crawl Stone Soup version 0.27-a0-1154-gfdeffcb720 (webtiles) character file.

Game seed: 10621297883682449912

3 leviel the Skirmisher (level 1, -1/20 HPs)
             Began as a Hill Orc Fighter on May 14, 2021.
             Slain by a jackal (3 damage)
             ... on level 1 of the Dungeon.
             The game lasted 00:00:10 (23 turns).

leviel the Skirmisher (Hill Orc Fighter)              Turns: 23, Time: 00:00:11

Health: -1/20      AC:  6    Str: 18    XL:     1   Next: 50%
Magic:  1/1        EV:  7    Int:  8    God:
Gold:   0          SH:  9    Dex: 10    Spells: 0/0 levels left

rFire    . . .     SeeInvis .   a - +0 war axe
rCold    . . .     Faith    .   c - +0 kite shield
rNeg     . . .     Spirit   .   b - +0 scale mail
rPois    .         Reflect  .   (no helmet)
rElec    .         Harm     .   (no cloak)
rCorr    .         Rampage  .   (no gloves)
Will     .....                  (no boots)
Stlth    ..........             (no amulet)
HPRegen  0.06/turn              (no ring)
MPRegen  0.07/turn              (no ring)

@: no status effects
A: no striking features
a: no special abilities


You were on level 1 of the Dungeon.
You visited 1 branch of the dungeon, and saw 1 of its levels.

Inventory:

Hand Weapons
 a - a +0 war axe (weapon)
Armour
 b - a +0 scale mail (worn)
 c - a +0 kite shield (worn)
Potions
 d - a potion of might


   Skills:
 + Level 3.7 Fighting
 + Level 2.7 Axes
 + Level 3.3 Armour
 + Level 3.3 Shields


You couldn't memorise any spells.
You didn't know any spells.
Your spell library was empty.

Dungeon Overview and Level Annotations

Branches:
Dungeon (1/15)

Altars:


Message History

The jackal is moderately wounded.
You miss the jackal.
You barely miss the jackal. x2; The bat hits you.
The jackal closely misses you. The jackal barely misses you.
You block the jackal's attack. The jackal barely misses you.
You block the jackal's attack.
The jackal bites you but does no damage. x3
The jackal barely misses you.
You closely miss the jackal.
The jackal is moderately wounded.
You barely miss the jackal. You closely miss the jackal. x2
The bat closely misses you. You block the jackal's attack.
The jackal bites you.
The jackal bites you but does no damage.
The jackal barely misses you. You block the jackal's attack.
The jackal bites you but does no damage. x3
You block the jackal's attack. The bat hits you.
You barely miss the jackal.
The jackal is moderately wounded.
You barely miss the jackal. You hit the bat.
You kill the bat!
You miss the jackal. You barely miss the jackal.
The jackal barely misses you. x3
The jackal bites you but does no damage.
The jackal bites you. x2
* * * LOW HITPOINT WARNING * * *
The jackal closely misses you. You block the jackal's attack.
The jackal bites you.
* * * LOW HITPOINT WARNING * * *
The jackal completely misses you. The jackal bites you.
* * * LOW HITPOINT WARNING * * *
You block the jackal's attack. The jackal bites you.
* * * LOW HITPOINT WARNING * * *
The jackal closely misses you. You block the jackal's attack.
You block the jackal's attack.
You see here a quokka corpse.
Your shield and scale mail prevent you from hitting the jackal.
The jackal bites you but does no damage. x2
The jackal bites you.
You die...

#.# #.##
#..# #.<#
#.## #.# #.#
#.# #@#
#h##########
#hh.........
#h...)......
#..†........
#...........
#...........
#...........
#...........


You could see 4 jackals.

Vanquished Creatures
  A kobold (D:1)
  A quokka (D:1)
  A bat (D:1)
3 creatures vanquished.

Notes
Turn   | Place    | Note
-------+----------+-------------------------------------------
     0 | D:1      | leviel the Hill Orc Fighter began the quest for the Orb.
     0 | D:1      | Reached XP level 1. HP: 19/19 MP: 1/1
    23 | D:1      | Slain by a jackal

Illustrated notes

Levels and vault maps discovered:
D:1:      dpeg_arrival_tiny_a, layout_basic, chequers_serial_rivers_room_b

Action                   || total
-------------------------++-------
Melee: War axe           ||    10
Armor: Scale mail        ||    20
Dodge: Dodged            ||    17
Block: Kite shield       ||    17

Table legend: (Time is in decaauts)
 A = Elapsed time spent in this place.
 B = Non-inter-level travel time spent in this place.
 C = Inter-level travel time spent in this place.
 D = Time resting spent in this place.
 E = Time spent auto-exploring this place.
 F = Levels seen in this place.
 G = Mean time per level.
                   A        B        C        D        E       F      G
               +--------+--------+--------+--------+--------+-----+--------+
         Total |     28 |     28 |      0 |      0 |      2 |   1 |   28.0 |
       Dungeon |     28 |     28 |      0 |      0 |      2 |   1 |   28.0 |
               +--------+--------+--------+--------+--------+-----+--------+

Top non-repeatable levels by time:
     D:1: 28 daAuts
